 Dungeon Crawl Stone Soup version 0.30-a0-322-g102857c98e (webtiles) character file.

Game seed: 10107864130213769355

53 retardedninja the Trooper (level 3, -2/33 HPs)
             Began as a Hill Orc Fighter on Oct 26, 2022.
             Killed by nerve-wracking pain
             ... invoked by Jessica
              (13 damage)
             ... on level 3 of the Dungeon on Oct 27, 2022.
             The game lasted 00:03:00 (1594 turns).

retardedninja the Trooper (Hill Orc Fighter)        Turns: 1594, Time: 00:03:01

Health: -2/33      AC:  7    Str: 20    XL:     3   Next: 89%
Magic:  3/3        EV:  9    Int:  8    God:
Gold:   103        SH:  4    Dex: 10    Spells: 2/2 levels left

rFire   . . .      SeeInvis .    a - +0 war axe
rCold   . . .      Faith    .    c - +0 buckler
rNeg    . . .      Spirit   .    b - +0 scale mail
rPois   .          Reflect  .    (no helmet)
rElec   .          Harm     .    (no cloak)
rCorr   .          Rampage  .    (no gloves)
Will    .....                    (no boots)
Stlth   ..........               (no amulet)
HPRegen 0.25/turn                (no ring)
MPRegen 0.08/turn                (no ring)

@: mighty
A: no striking features
a: no special abilities


You were on level 3 of the Dungeon.
You visited 1 branch of the dungeon, and saw 3 of its levels.

You collected 103 gold pieces.

Inventory:

Hand Weapons
 a - a +0 war axe (weapon)
Armour
 b - a +0 scale mail (worn)
 c - a +0 buckler (worn)
Jewellery
 e - an amulet of faith
Scrolls
 f - a scroll of magic mapping {unknown}
 h - a scroll of acquirement {unknown}
 i - 5 scrolls of identify {unknown}
 j - a scroll of fear {unknown}
Potions
 d - a potion of might
 g - 2 potions of curing {unknown}
 k - a potion of lignification {unknown}
 l - a potion of attraction {unknown}


   Skills:
 + Level 4.1 Fighting
 + Level 3.9 Axes
 + Level 3.7 Armour
 + Level 0.4 Dodging
 + Level 3.5 Shields


You had 2 spell levels left.
You didn't know any spells.
Your spell library contained the following spells:

 Spells                   Type           Power      Damage    Failure   Level
 Apportation              Tloc           0%         N/A       85%         1
 Necrotise                Necr           0%         1d4       85%         1
 Sting                    Tmut/Pois      0%         1d3       85%         1
 Summon Small Mammal      Summ           0%         N/A       85%         1
 Poisonous Vapours        Pois/Air       0%         N/A       94%         2
 Olgreb's Toxic Radiance  Pois           0%         N/A       100%        4


Dungeon Overview and Level Annotations

Branches:
Dungeon (3/15)

Altars:

Shops:
D:1 (

Annotations:
D:3 Jessica


Message History

Jessica is moderately wounded.
Jessica barely misses you.
Jessica points at you and mumbles some strange words.
You barely resist. You barely miss Jessica.
Jessica is moderately wounded.
Jessica hits you with a +3 dagger. Jessica casts a spell at you.
Pain shoots through your body!
You closely miss Jessica.
Jessica is moderately wounded.
You block Jessica's attack.
Jessica casts a spell.
Jessica blinks!
Jessica completely misses you.
You closely miss Jessica.
Jessica is moderately wounded.
Jessica hits you but does no damage.
Jessica casts a spell.
Jessica blinks!
Jessica hits you with a +3 dagger.
You barely miss Jessica.
Jessica is moderately wounded.
Jessica hits you with a +3 dagger. x2
You are too injured to fight recklessly!
You are too injured to fight recklessly!
You are too injured to fight recklessly!
You are too injured to fight recklessly!
You are too injured to fight recklessly!
You feel very mighty all of a sudden. Jessica hits you with a +3 dagger.
Jessica casts a spell.
Jessica blinks!
Jessica casts a spell.
Jessica blinks!
Jessica mumbles some strange words.
Jessica blinks!
Jessica gestures at you while chanting. Pain shoots through your body!
You die...

#####
...#
###.####
#......#
#.#.##.#
#.#.##.#
#.#..#.#
#<##.#.#
#.@.@..#
#......#
#.ยง..###
#....#
#...##
##.## #.#
#.#


You could see Jessica (fast).

Vanquished Creatures
  2 dart slugs (D:1)
  2 bats
  7 endoplasms
  3 giant cockroaches
  6 goblins
  4 hobgoblins (D:1)
  5 jackals
  5 ball pythons
  A frilled lizard (D:2)
  4 kobolds
  3 rats
42 creatures vanquished.

Notes
Turn   | Place    | Note
-------+----------+-------------------------------------------
     0 | D:1      | retardedninja the Hill Orc Fighter began the quest for the
                  | Orb.
     0 | D:1      | Reached XP level 1. HP: 19/19 MP: 1/1
   171 | D:1      | Reached XP level 2. HP: 26/27 MP: 2/2
   189 | D:1      | Reached skill level 4 in Fighting
   353 | D:1      | Reached XP level 3. HP: 25/33 MP: 3/3
   648 | D:1      | Found Mosoczo's Antique Weapon Boutique.
   819 | D:1      | Upgraded the game from 0.30-a0-313-gae38170b09 to
                  | 0.30-a0-322-g102857c98e
  1409 | D:2      | Found a faded altar of an unknown god.
  1572 | D:3      | Noticed Jessica
  1594 | D:3      | Killed from afar by Jessica

Illustrated notes

Levels and vault maps discovered:
D:1:      dpeg_arrival_brainrot, layout_basic, serial_shops,
          nicolae_shop_behind_doors
D:2:      layout_rooms, ebering_ecumenical_altar_petrified
D:3:      layout_loops_cross, uniq_jessica

Skill      XL: |  1  2 |
---------------+-------+-----
Fighting       | 4 |  4.1
Axes           | 3 |  3.9
Armour         | |  3.7
Dodging        | |  0.4
Shields        | |  3.5

Action                   || total
-------------------------++-------
Melee: War axe           ||    99
  Use: Potion            ||     1
Armor: Scale mail        ||    49
Dodge: Dodged            ||    51
Block: Buckler           ||    26

Table legend: (Time is in decaauts)
 A = Elapsed time spent in this place.
 B = Non-inter-level travel time spent in this place.
 C = Inter-level travel time spent in this place.
 D = Time resting spent in this place.
 E = Time spent auto-exploring this place.
 F = Levels seen in this place.
 G = Mean time per level.
                   A        B        C        D        E       F      G
               +--------+--------+--------+--------+--------+-----+--------+
         Total |   1630 |   1597 |     33 |    245 |   1077 |   3 |  543.3 |
       Dungeon |   1630 |   1597 |     33 |    245 |   1077 |   3 |  543.3 |
               +--------+--------+--------+--------+--------+-----+--------+

Top non-repeatable levels by time:
     D:1: 848 daAuts
     D:2: 749 daAuts
     D:3: 32 daAuts
